 Dungeon Crawl Stone Soup version 0.27-a0-1191-g601b473118 (webtiles) character file.

Game seed: 8958461195906740378

50 st0uf the Slasher (level 3, -2/30 HPs)
             Began as a Draconian Gladiator on May 23, 2021.
             Slain by Robin
             ... wielding a +0 whip
              (5 damage)
             ... on level 2 of the Dungeon.
             The game lasted 00:02:10 (1196 turns).

st0uf the Slasher (Draconian Gladiator)             Turns: 1196, Time: 00:02:11

Health: -2/30      AC:  5    Str: 16    XL:     3   Next: 55%
Magic:  3/3        EV: 13    Int:  8    God:
Gold:   43         SH:  0    Dex: 13    Spells: 2/2 levels left

rFire    . . .     SeeInvis .   a - +0 long sword
rCold    . . .     Faith    .   (no shield)
rNeg     . . .     Spirit   .   (armour unavailable)
rPois    .         Reflect  .   b - +0 hat
rElec    .         Harm     .   (no cloak)
rCorr    .         Rampage  .   (no gloves)
Will     .....                  (no boots)
Stlth    +.........             (no amulet)
HPRegen  0.10/turn              (no ring)
MPRegen  0.08/turn              (no ring)

@: no status effects
A: AC +5, unfitting armour, cold-blooded
a: no special abilities


You were on level 2 of the Dungeon.
You visited 1 branch of the dungeon, and saw 2 of its levels.

You collected 43 gold pieces.

Inventory:

Hand Weapons
 a - a +0 long sword (weapon)
Missiles
 c - 3 throwing nets (quivered)
Armour
 b - a +0 hat (worn)
Scrolls
 d - a scroll of amnesia {unknown}
 e - a scroll of teleportation {unknown}
 g - 3 scrolls of identify {unknown}
Potions
 f - a potion of degeneration {unknown}


   Skills:
 + Level 2.5 Fighting
 + Level 3.8 Long Blades
 + Level 1.8 Throwing
 + Level 3.2 Dodging
 + Level 0.5 Stealth


You had 2 spell levels left.
You didn't know any spells.
Your spell library was empty.

Dungeon Overview and Level Annotations

Branches:
Dungeon (2/15)

Altars:

Shops:
D:1 ([!(*

Annotations:
D:2 Robin


Innate Abilities, Weirdness & Mutations

Your plain brown scales are hard. (AC +5)
You cannot fit into any form of body armour.
You are cold-blooded and may be slowed by cold attacks.


Message History

Robin hits you with a +0 whip!
You completely miss Robin.
Robin is moderately wounded.
Robin hits you with a +0 whip.
* * * LOW HITPOINT WARNING * * *
You barely miss Robin. You tail-slap Robin, but do no damage.
Robin is moderately wounded.
Robin hits you but does no damage.
You barely miss Robin.
Robin is moderately wounded.
Robin hits you with a +0 whip.
* * * LOW HITPOINT WARNING * * *
You hit Robin.
Robin is heavily wounded.
Robin barely misses you.
You completely miss Robin.
Robin is heavily wounded.
Robin misses you. x2; You riposte.
You hit Robin but do no damage.
Robin is heavily wounded.
You barely miss Robin.
Robin is heavily wounded.
Robin barely misses you.
You closely miss Robin.
Robin is heavily wounded.
Robin hits you but does no damage.
You completely miss Robin. You tail-slap Robin.
Robin is heavily wounded.
Robin misses you.
You hit Robin but do no damage.
Robin is heavily wounded.
Robin barely misses you.
You hit Robin. You tail-slap Robin.
Robin is heavily wounded.
Robin hits you with a +0 whip.
* * * LOW HITPOINT WARNING * * *
Robin completely misses you.
You barely miss Robin.
Robin is heavily wounded.
Robin hits you with a +0 whip.
You die...

##### ...# ##.##
##.<.#########
#.....)@g....#
#..(.####).....$
#.#.## .##.###
...... .# .#
........ .g
.###.#.# ##
..... ##.##


You could see Robin.

Vanquished Creatures
  2 dart slugs (D:1)
  7 endoplasms (D:1)
  3 giant cockroaches (D:1)
  13 goblins
  3 hobgoblins
  A quokka (D:1)
  A ball python (D:1)
  2 bats (D:1)
  2 frilled lizards (D:1)
  3 kobolds (D:1)
  2 rats (D:1)
39 creatures vanquished.

Notes
Turn   | Place    | Note
-------+----------+-------------------------------------------
     0 | D:1      | st0uf the Draconian Gladiator began the quest for the Orb.
     0 | D:1      | Reached XP level 1. HP: 17/17 MP: 1/1
    79 | D:1      | Found Soahiulo's Weapon Shop.
    83 | D:1      | Found Zomarish's Assorted Antiques.
    98 | D:1      | Reached XP level 2. HP: 16/25 MP: 2/2
   404 | D:1      | Found Jacor's Distillery.
   504 | D:1      | Found Zecwe's Antique Armour Emporium.
   508 | D:1      | Found Myrorodo's Antique Weapon Shoppe.
   865 | D:1      | Reached XP level 3. HP: 30/30 MP: 3/3
  1111 | D:2      | Noticed a scorpion
  1176 | D:2      | Noticed Robin
  1196 | D:2      | Slain by Robin

Illustrated notes

Levels and vault maps discovered:
D:1:      lemuel_arrival_broad_hall, layout_basic, serial_shops, shop, shop,
          shop, shop, shop, minivault_26, minmay_tetromino_i4
D:2:      layout_loops_ring, serial_shops, nicolae_shop_behind_doors,
          basic_altar, uniq_natasha, uniq_jessica, uniq_robin

Skill      XL: |  1  2 |
---------------+-------+-----
Dodging        | 3 |  3.2
Fighting       | |  2.5
Long Blades    | |  3.8
Throwing       | |  1.8
Stealth        | |  0.5

Action                   || total
-------------------------++-------
Melee: Long sword        ||    97
       Tailslap          ||    17
Armor: Skin              ||    30
Dodge: Dodged            ||    73
       Rpst.: Long sword ||    17

Table legend: (Time is in decaauts)
 A = Elapsed time spent in this place.
 B = Non-inter-level travel time spent in this place.
 C = Inter-level travel time spent in this place.
 D = Time resting spent in this place.
 E = Time spent auto-exploring this place.
 F = Levels seen in this place.
 G = Mean time per level.
                   A        B        C        D        E       F      G
               +--------+--------+--------+--------+--------+-----+--------+
         Total |   1221 |   1147 |     74 |      0 |    917 |   2 |  610.5 |
       Dungeon |   1221 |   1147 |     74 |      0 |    917 |   2 |  610.5 |
               +--------+--------+--------+--------+--------+-----+--------+

Top non-repeatable levels by time:
     D:1: 1174 daAuts
     D:2: 47 daAuts
